 Dungeon Crawl Stone Soup version 0.30-b1-2-g02819fbbbe (webtiles) character file.

Game seed: 17323717355261823272

2556 LLlMATKO the Chopper (level 9, -1/80 HPs)
             Began as a Minotaur Berserker on June 25, 2023.
             Was a High Priest of Trog.
             Slain by an unseen horror (4 damage)
             ... on level 7 of the Dungeon.
             The game lasted 00:07:01 (7410 turns).

LLlMATKO the Chopper (Minotaur Berserker)           Turns: 7410, Time: 00:07:02

Health: -1/80      AC: 21    Str: 27    XL:     9   Next: 31%
Magic:  0/8        EV:  8    Int:  4    God:    Trog [*****.]
Gold:   414        SH: 10    Dex: 12    Spells: 8/8 levels left

rFire   . . .        G - +2 war axe (flame)
rCold   . . .        m - +1 kite shield
rNeg    . . .        y - +6 plate armour of Inviolability {+Inv rElec Dex+3}
rPois   +            (helmet restricted)
rElec   +            (no cloak)
rCorr   .            j - +0 pair of gloves
SInv    .            F - +0 pair of boots
Will    .....        b - amulet of guardian spirit Stlth
                     C - ring of poison resistance
HPRegen 0.33/turn    (no ring)
MPRegen 0.11/turn

%: guardian spirit
@: on berserk cooldown, slowed, very slow
A: horns 2, retaliatory headbutt
a: Renounce Religion, Evoke Invisibility, Berserk, Trog's Hand, Brothers in Arms


You were on level 7 of the Dungeon.
You worshipped Trog.
Trog was extremely pleased with you.
You visited 1 branch of the dungeon, and saw 7 of its levels.
You also visited: Sewer.

You collected 414 gold pieces.

Inventory:

Hand Weapons
 E - a +2 whip of electrocution
 G - a +2 war axe of flaming (weapon)
Missiles
 i - 12 poisoned darts (quivered)
 p - 4 javelins
 v - a boomerang
Armour
 j - a +0 pair of gloves (worn)
 m - a +1 kite shield (worn)
 y - the +6 plate armour of Inviolability (worn) {+Inv rElec Dex+3}
   (You found it on level 6 of the Dungeon)

   Dex:       It affects your dexterity (+3).
   rElec:     It insulates you from electricity.
   +Inv:      It lets you turn invisible.
 F - a +0 pair of boots (worn)
Jewellery
 b - an amulet of guardian spirit (around neck)
 C - a ring of poison resistance (left hand)
Wands
 r - a wand of paralysis (8)
 D - a wand of mindburst (4)
Scrolls
 c - 2 scrolls of noise
 d - 7 scrolls of identify
 g - a scroll of poison {unknown}
 k - a scroll of fear {unknown}
 o - a scroll of fog {unknown}
 s - 6 scrolls of teleportation
 u - 2 scrolls of enchant armour
 B - a scroll of acquirement {unknown}
Potions
 e - a potion of lignification {unknown}
 f - 6 potions of curing {unknown}
 h - 2 potions of ambrosia {unknown}
 l - a potion of berserk rage {unknown}
 n - 4 potions of mutation {unknown}
 q - 8 potions of flight
 t - 2 potions of brilliance {unknown}
 w - a potion of haste {unknown}
 x - a potion of cancellation {unknown}
 z - 6 potions of might {unknown}
 A - a potion of resistance {unknown}


   Skills:
 + Level 7.7 Fighting
 + Level 7.8 Axes
 + Level 7.2 Armour
 + Level 6.6 Dodging
 + Level 6.2 Shields


You had 8 spell levels left.
You didn't know any spells.
Your spell library was empty.

Dungeon Overview and Level Annotations

Branches:
Dungeon (7/15)              Sewer (visited)
 Temple: D:4-7

Altars:
Kikubaaqudgha
Makhleb
Qazlal
Uskayaw
Xom
Zin

Shops:
D:2 (![!   D:6 *


Innate Abilities, Weirdness & Mutations

You have a pair of horns on your head.
You reflexively headbutt those who attack you in melee.


Message History

Something hits you.
* * * LOW HITPOINT WARNING * * *
The steam dragon bites you but does no damage.
You block the steam dragon's attack. Something hits you but does no damage.
You block the steam dragon's attack.
The steam dragon claws you but does no damage.
You closely miss the steam dragon.
The steam dragon is moderately wounded.
You miss something. Something hits you but does no damage.
You block the steam dragon's attack.
The steam dragon claws you but does no damage.
The ice beast barely misses you. You block the steam dragon's attack.
The steam dragon claws you but does no damage.
You hit the steam dragon. You burn the steam dragon.
The steam dragon is heavily wounded.
You slash the ice beast!
You melt the ice beast.
You hit something. You burn something. Something hits you but does no damage.
You block something's attack.
The steam dragon bites you but does no damage.
You block the steam dragon's attack. The ice beast closely misses you.
You furiously retaliate!
You headbutt the ice beast.
The ice beast hits you but does no damage.
The steam dragon bites you but does no damage.
You block the steam dragon's attack.
You slash the steam dragon! You burn the steam dragon.
You kill the steam dragon!
Trog accepts your kill.
You hit something. You burn something. You barely miss the ice beast.
Something hits you but does no damage.
The ice beast hits you but does no damage.
Something hits you.
* * * LOW HITPOINT WARNING * * *
You block the ice beast's attack.
You slash the ice beast!
You melt the ice beast.
You kill the ice beast!
Trog accepts your kill.
Trog will now gift you melee weapons as you gain piety.
You barely miss something.
Something hits you but does no damage. x2
Something hits you.
You die...

###
....##########.#######
..(.........))........
###............)@.......
≈≈#.#...#.....#†.†..#...
# #.....#.###.#.###.#
#.+.....#?....#.....#
..+........#.....#
#≈#........#.###.#
≈≈#........#.. .#
###....)......# ..
.†............# ##


There were no monsters in sight!

Vanquished Creatures
  2 steam dragons (D:7)
  Menkaure (D:4)
  A water moccasin (D:6)
  4 ice beasts
  A sky beast (D:7)
  A black bear (D:7)
  An ogre (D:4)
  2 phantoms
  A bullfrog (D:7)
  3 scorpions
  2 howler monkeys (D:7)
  6 hounds
  2 jellies
  A gnoll bouda (D:4)
  4 orc priests
  A sleepcap (D:4)
  Terence (D:2)
  5 orc wizards
  2 iguanas
  10 gnolls
  14 adders
  5 river rats (Sewer)
  A shadow imp (D:6)
  4 worms
  2 dart slugs (D:4)
  14 orcs
  14 ball pythons
  17 bats
  13 endoplasms
  19 giant cockroaches
  10 goblins
  7 hobgoblins
  4 jackals (D:5)
  5 kobolds
  6 quokkas
  A frilled lizard (D:1)
  4 rats
191 creatures vanquished.

Notes
Turn   | Place    | Note
-------+----------+-------------------------------------------
     0 | D:1      | LLlMATKO the Minotaur Berserker began the quest for the
                  | Orb.
     0 | D:1      | Reached XP level 1. HP: 19/19 MP: 0/0
    84 | D:1      | Found a faded altar of an unknown god.
    97 | D:1      | Reached XP level 2. HP: 22/27 MP: 1/1
  1004 | D:2      | Found Noapp's Antique Weapon Boutique.
  1037 | D:2      | Noticed Terence
  1040 | D:2      | Killed Terence
  1041 | D:2      | Reached XP level 3. HP: 33/33 MP: 2/2
  1270 | D:2      | Found Budan's Distillery.
  1270 | D:2      | Found Jeusedy's Antique Armour Shop.
  1490 | D:2      | Reached ** piety under Trog
  1555 | D:2      | Reached XP level 4. HP: 26/41 MP: 3/3
  1744 | D:2      | Found Ryask's Distillery.
  2085 | D:3      | Identified the +0 robe "Qetha" {+Inv Dex+4 Stlth+}
  2095 | D:3      | Found a shimmering altar of Xom.
  2114 | D:3      | Reached skill level 1 in Shields
  2408 | D:3      | Reached XP level 5. HP: 37/47 MP: 4/4
  2415 | D:3      | Reached *** piety under Trog
  3115 | D:4      | Reached skill level 5 in Fighting
  3115 | D:4      | Reached skill level 5 in Axes
  3115 | D:4      | Reached XP level 6. HP: 39/56 MP: 5/5
  3378 | D:4      | Identified the +4 falchion "Sulopp" {venom, rF- rN+ Str+2}
  3560 | D:4      | Identified the +1 leather armour of Generosity {+Blink
                  | Str+2 Dex+3}
  3599 | D:4      | Noticed Menkaure
  3606 | D:4      | Killed Menkaure
  3607 | D:4      | Reached XP level 7. HP: 45/61 MP: 6/6
  3901 | D:4      | Reached skill level 5 in Armour
  4401 | D:5      | Entered Level 5 of the Dungeon
  4453 | D:5      | Found a burning altar of Makhleb.
  4549 | D:5      | Reached skill level 5 in Dodging
  4740 | D:5      | Reached XP level 8. HP: 55/70 MP: 7/7
  5228 | D:6      | Found a stormy altar of Qazlal.
  5246 | D:6      | Found Zin's Purification Station.
  5294 | D:6      | Found a glowing silver altar of Zin.
  5306 | D:6      | Found a glowing drain.
  5325 | D:6      | Reached **** piety under Trog
  5343 | Sewer    | Entered a sewer
  6576 | D:6      | Identified the +6 plate armour of Inviolability {+Inv rElec
                  | Dex+3}
  6725 | D:6      | Found a hide-covered altar of Uskayaw.
  6746 | D:6      | Identified the +1 dagger of Dithmenos's Envy {elec, Str+5}
  6901 | D:6      | Reached skill level 5 in Shields
  7206 | D:6      | Found an ancient bone altar of Kikubaaqudgha.
  7377 | D:7      | Reached XP level 9. HP: 79/79 MP: 2/8
  7409 | D:7      | HP: 3/80 [something (5)]
  7410 | D:7      | Reached ***** piety under Trog
  7410 | D:7      | Slain by an unseen horror

Illustrated notes

Levels and vault maps discovered:
D:1:      lightli_arrival_farm, layout_basic, shapermc_ecumenical_altar_venn,
          nicolae_figureground_pulse
D:2:      minmay_roachtagon, layout_basic, serial_shops, shop, shop, shop,
          nicolae_shop_tiny_glass, uniq_terence
D:3:      kennysheep_six_static_rooms, layout_basic,
          mainiacjoe_overflow_surrounded_room, kennysheep_another_room,
          grunt_decor_one_mirror
D:4:      minmay_inner_zag, layout_basic, uniq_menkaure
D:5:      layout_basic, makhleb_heckhound_becter
D:6:      layout_loops_ring, zin_purify, old_standard_altar,
          eat_drink_and_be_merry_uskayaw, general_overflow_altar,
          portal_sewer_entry_f
D:7:      hangedman_cross_stitches, layout_cave_pods, temple_doors_cd,
          serial_shops, shop, serial_bayou_pond_c, kennysheep_generic_room_12

Skill      XL: |  1  2  3  4  5  6  7  8  9 |
---------------+----------------------------+-----
Axes           | 4 5 6 7 |  7.8
Fighting       | 4 5 6 7 |  7.7
Armour         | 3 4 5 6 7 |  7.2
Dodging        | 3 4 5 6 |  6.6
Shields        | 1 2 3 4 5 6 |  6.2

Action                     |  1- 3 |  4- 6 |  7- 9 || total
---------------------------+-------+-------+-------++-------
  Melee: Hand axe          |    62 |   169 |   280 ||   511
         Headbutt          |    10 |    27 |    46 ||    83
         War axe           |       |       |    10 ||    10
 Invoke: Berserk           |     1 |     3 |     3 ||     7
    Use: Scroll            |       |       |     8 ||     8
 Armour: Animal skin       |    14 |     9 |       ||    23
         Chain mail        |       |    51 |   109 ||   160
         Plate armour      |       |       |    46 ||    46
  Dodge: Dodged            |    41 |    58 |   132 ||   231
  Block: Kite shield       |     3 |    63 |   132 ||   198
